 Dungeon Crawl Stone Soup version 0.28.0-53-g5a82cb258f (webtiles) character file.

Game seed: 9729357292124415611

217 DemonSlayer the Firebug (level 5, 0/35 HPs)
             Began as a Demonspawn Fire Elementalist on July 29, 2022.
             Slain by an orc
             ... wielding a +0 dagger
              (3 damage)
             ... on level 4 of the Dungeon.
             The game lasted 00:10:20 (4937 turns).

DemonSlayer the Firebug (DsFE)                      Turns: 4937, Time: 00:10:21

Health: 0/35       AC:  3    Str:  8    XL:     5   Next: 61%
Magic:  8/19       EV: 12    Int: 19    God:
Gold:   106        SH:  0    Dex: 15    Spells: 1/10 levels left

rFire   . . .      SeeInvis .   c - +2 dagger (vamp)
rCold   . . .      Faith    .   (no shield)
rNeg    . . .      Spirit   .   a - +0 robe
rPois   .          Reflect  .   (no helmet)
rElec   .          Harm     .   (no cloak)
rCorr   +          Rampage  .   f - +0 pair of gloves
Will    .....                   (no boots)
Stlth   ++........              (no amulet)
HPRegen 0.11/turn               b - ring of wizardry
MPRegen 0.16/turn               i - ring "Uguel" {rCorr MP+9}

@: confused, invisible
A: thin skeletal structure 1, demonic touch 1
a: no special abilities


You were on level 4 of the Dungeon.
You visited 1 branch of the dungeon, and saw 4 of its levels.

You collected 106 gold pieces.

Inventory:

Hand Weapons
 c - a +2 vampiric dagger (weapon)
Armour
 a - a +0 robe (worn)
 f - a +0 pair of gloves (worn)
Jewellery
 b - a ring of wizardry (left hand)
 i - the ring "Uguel" (right hand) {rCorr MP+9}
   (You found it on level 3 of the Dungeon)

   [ring of magical power]

   MP:        It affects your magic capacity (+9).
   rCorr:     It protects you from acid and corrosion.
 k - a ring of protection from cold
Potions
 d - a potion of curing {unknown}
 e - 2 potions of mutation
 h - a potion of resistance {unknown}


   Skills:
 + Level 0.1 Short Blades
 + Level 2.3 Dodging
 + Level 2.2 Stealth
 + Level 3.4 Spellcasting
 + Level 1.9 Conjurations
 + Level 4.2 Fire Magic


You had one spell level left.
You knew the following spells:

 Your Spells              Type           Power      Damage    Failure   Level
a - Foxfire               Conj/Fire      56%        2x1d6     1%          1
b - Scorch                Fire           38%        2d7       1%          2
c - Conjure Flame         Conj/Fire      14%        6-21      4%          3
d - Stone Arrow           Conj/Erth      12%        3d7       12%         3

Your spell library contained the following spells:

 Spells                   Type           Power      Damage    Failure   Level
 Inner Flame              Hex/Fire       11%        N/A       8%          3
 Flame Wave               Conj/Fire      14%        2d6       16%         4
 Animate Armour           Summ/Erth      6%         N/A       47%         4
 Lehudib's Crystal Spear  Conj/Erth      3%         10d2      100%        8


Dungeon Overview and Level Annotations

Branches:
Dungeon (4/15)
 Temple: D:4-7

Altars:
Elyvilon
Fedhas
Nemelex Xobeh
Ru
Wu Jian
Zin


Innate Abilities, Weirdness & Mutations

You have a somewhat thin skeletal structure. (Dex +2, Stealth+)
Your touch may inflict minor irresistible damage on your foes.


Message History

The orc's fire resistance burns away.
The orc wizard shouts!
The orc hits you but does no damage.
Flames lash the orc but do no damage.
The orc hits you with a +0 dagger.
Flames lash the orc.
You kill the orc!
The orc is no longer more vulnerable to fire.
The orc barely misses you. x2
The orc wizard gestures at you while chanting.
The magic dart hits you!
Flames lash the orc.
The orc is heavily wounded.
The orc's fire resistance burns away.
The orc misses you.
Flames lash the orc.
The orc is almost dead.
The orc's fire resistance burns away.
The orc hits you with a +0 dagger. The orc hits you with a +0 short sword.
Flames lash the orc wizard.
The orc wizard is severely wounded.
The orc wizard's fire resistance burns away.
The orc hits you with a +0 falchion. The orc closely misses you.
The orc hits you with a +0 short sword.
You are too injured to fight recklessly!
You are too injured to fight recklessly!
You are too injured to fight recklessly!
You are too injured to fight recklessly!
You hit the orc wizard.
The orc wizard is almost dead.
The orc is no longer more vulnerable to fire.
The orc hits you with a +0 falchion.
* * * LOW HITPOINT WARNING * * *
The orc barely misses you. The orc hits you with a +0 short sword.
* * * LOW HITPOINT WARNING * * *
The orc wizard casts a spell at you.
You are confused.
It was a potion of invisibility.
You fade into invisibility!
The orc is no longer more vulnerable to fire.
The orc closely misses you. The orc hits you with a +0 dagger.
You die...

#........ #<.###### #..#
##..# ##### ## ## ....#
#.... .#####. .#.#.##
#.### .......###.##.#
#.#
......oo##.##.######.#
#@.............#
......oo...##......#####
.#################......
#######


You could see an orc wizard (combustible) and 3 orcs.

Vanquished Creatures
  An orc priest (D:4)
  6 adders
  4 gnolls (D:3)
  A worm (D:2)
  3 dart slugs
  8 orcs
  11 bats
  5 endoplasms
  5 giant cockroaches
  8 goblins
  7 hobgoblins
  2 jackals (D:4)
  2 kobolds
  A quokka (D:3)
  4 ball pythons
  A frilled lizard (D:1)
  8 rats
77 creatures vanquished.

Vanquished Creatures (others)
  203 foxfires
203 creatures vanquished.

Grand Total: 280 creatures vanquished

Notes
Turn   | Place    | Note
-------+----------+-------------------------------------------
     0 | D:1      | DemonSlayer the Demonspawn Fire Elementalist began the
                  | quest for the Orb.
     0 | D:1      | Reached XP level 1. HP: 13/13 MP: 3/3
   295 | D:1      | Gained mutation: Your touch may inflict minor irresistible
                  | damage on your foes. [demonic ancestry]
   295 | D:1      | Reached XP level 2. HP: 19/19 MP: 0/5
   298 | D:1      | Learned a level 2 spell: Scorch
   369 | D:1      | Reached skill level 3 in Fire Magic
  1383 | D:2      | Gained mutation: You have a somewhat thin skeletal
                  | structure. (Dex +2, Stealth+) [demonic ancestry]
  1383 | D:2      | Reached XP level 3. HP: 23/24 MP: 0/6
  1762 | D:2      | Reached XP level 4. HP: 30/30 MP: 2/8
  2330 | D:2      | Learned a level 3 spell: Conjure Flame
  3034 | D:3      | Identified the ring "Uguel" {rCorr MP+9}
  3170 | D:3      | Reached XP level 5. HP: 21/35 MP: 6/9
  3931 | D:3      | Found a blossoming altar of Fedhas.
  3931 | D:3      | Found a sacrificial altar of Ru.
  3940 | D:3      | Found an ornate altar of the Wu Jian Council.
  3944 | D:3      | Found a sparkling altar of Nemelex Xobeh.
  4014 | D:3      | Found a faded altar of an unknown god.
  4159 | D:3      | Found a faded altar of an unknown god.
  4573 | D:3      | Learned a level 3 spell: Stone Arrow
  4636 | D:4      | Reached skill level 4 in Fire Magic
  4937 | D:4      | Slain by an orc

Illustrated notes

Levels and vault maps discovered:
D:1:      dpeg_arrival_round_b, layout_loops_ring, minmay_pentomino_u4
D:2:      layout_rooms
D:3:      layout_loops_corners, nicolae_overflow_ecumenical_swirl,
          chequers_temple_overflow_minitemple,
          hellmonk_ecumenical_altar_pennies_from_heaven, wad_rectangle_vault
D:4:      layout_loops_ring, portal_sewer_entry_b

Skill      XL: |  1  2  3  4  5 |
---------------+----------------+-----
Dodging        | 2 |  2.3
Fire Magic     | 3 4 |  4.2
Stealth        | 2 |  2.2
Spellcasting   | 3 |  3.4
Short Blades   | |  0.1
Conjurations   | |  1.9

Action                   |  1- 3 |  4- 6 || total
-------------------------+-------+-------++-------
Melee: Unarmed           |     1 |       ||     1
       Dagger            |    10 |    25 ||    35
       Touch             |     5 |     2 ||     7
       Punch             |       |     1 ||     1
 Cast: Foxfire           |    84 |    49 ||   133
       Scorch            |       |    37 ||    37
  Use: Scroll            |     3 |     5 ||     8
       Potion            |       |     2 ||     2
 Stab: Sleeping          |     4 |     8 ||    12
Armor: Robe              |     4 |     7 ||    11
Dodge: Dodged            |    10 |    30 ||    40
